 Dungeon Crawl Stone Soup version 0.30-a0-739-gea05faddec (webtiles) character file.

Game seed: 17936958686734852208

83 ZeroWinrate the Gusty (level 4, 0/38 HPs)
             Began as an Armataur Wanderer on Feb 4, 2023.
             Killed from afar by Natasha (16 damage)
             ... with a bolt of dispelling energy
             ... on level 3 of the Dungeon.
             The game lasted 00:03:00 (2211 turns).

ZeroWinrate the Gusty (Armataur Wanderer)           Turns: 2211, Time: 00:03:01

Health: 0/38       AC:  4    Str: 17    XL:     4   Next: 22%
Magic:  6/6        EV:  9    Int: 17    God:
Gold:   203        SH:  3    Dex: 10    Spells: 5/6 levels left

rFire   . . .      SeeInvis .    a - +2 hand axe
rCold   . . .      Faith    .    b - +0 buckler
rNeg    . . .      Spirit   .    d - +0 leather armour
rPois   .          Reflect  .    (no helmet)
rElec   .          Harm     .    (no cloak)
rCorr   .          Roll     +    (no gloves)
Will    +....                    (no barding)
Stlth   +                        (no amulet)
HPRegen 0.26/turn                m - ring "Azyxamp" {Will+ Int+3}
MPRegen 0.10/turn                (no ring)

@: no status effects
A: large, rugged brown scales 3, deformed body, armoured tail, roll, long
tongue, awkward tongue
a: no special abilities


You were on level 3 of the Dungeon.
You visited 1 branch of the dungeon, and saw 3 of its levels.

You collected 203 gold pieces.

Inventory:

Hand Weapons
 a - a +2 hand axe (weapon)
Armour
 b - a +0 buckler (worn)
 d - a +0 leather armour (worn)
Jewellery
 m - the ring "Azyxamp" (left hand) {Will+ Int+3}
   (You found it on level 2 of the Dungeon)

   [ring of willpower]

   Int:       It affects your intelligence (+3).
   Will:      It increases your willpower.
Scrolls
 e - a scroll of amnesia {unknown}
 h - a scroll of blinking {unknown}
 i - 4 scrolls of identify {unknown}
 j - a scroll of enchant weapon {unknown}
 k - a scroll of immolation
 n - 3 scrolls of teleportation {unknown}
 o - a scroll of noise {unknown}
 p - a scroll of enchant armour {unknown}
 r - 2 scrolls of poison {unknown}
Potions
 c - a potion of lignification
 f - a potion of invisibility {unknown}
 g - a potion of attraction {unknown}
 l - 2 potions of mutation {unknown}
 q - a potion of brilliance {unknown}
 s - a potion of flight {unknown}
 t - 2 potions of curing {unknown}


   Skills:
 + Level 2.0 Fighting
 + Level 1.8 Axes
 - Level 1.3 Dodging
 - Level 1.1 Shields
 + Level 1.8 Spellcasting
 + Level 2.4 Air Magic
 + Level 2.0 Evocations


You had 5 spell levels left.
You knew the following spells:

 Your Spells              Type           Power      Damage    Failure   Level
a - Shock                 Conj/Air       20%        1d4       19%         1

Your spell library contained the following spells:

 Spells                   Type           Power      Damage    Failure   Level
 Swiftness                Air            9%         N/A       32%         3
 Ensorcelled Hibernation  Hex/Ice        2%         N/A       41%         2
 Passwall                 Tmut/Erth      0%         N/A       41%         2
 Scorch                   Fire           2%         2d5       41%         2
 Vhi's Electric Charge    Tloc/Air       10%        N/A       50%         3
 Flame Wave               Conj/Fire      1%         2d4       96%         4
 Summon Cactus Giant      Summ           0%         N/A       100%        6


Dungeon Overview and Level Annotations

Branches:
Dungeon (3/15)

Altars:
Elyvilon
Okawaru
Qazlal
The Shining One

Annotations:
D:3 Natasha


Innate Abilities, Weirdness & Mutations

You are completely covered in rugged brown scales. (AC +3, +7% HP)
Armour fits poorly on your strangely shaped body.
You have a long armoured tail.
You roll when moving toward enemies. (Rampage)
Your long tongue fully drains potion bottles. (2x potion effects)
Your tongue gives you trouble enunciating. (1.5x scroll delay)


Message History

Found a white marble altar of Elyvilon.
Items here: ) †††.
Things that are here:
a +0 dagger; a +0 club; a +0 sling
There is an open door here.
You now have 203 gold pieces (gained 6).
Natasha, Servant of Life and Death comes into view.
She is carrying a wand of quicksilver (7).
Found 9 gold pieces.
Natasha hisses angrily.
Natasha is nearby!
Natasha is nearby!
Natasha is nearby!
Natasha casts a spell at you. The magic dart hits you!
Natasha zaps a wand.
The bolt of dispelling energy hits you!
You are too injured to fight recklessly!
You are too injured to fight recklessly!
You are too injured to fight recklessly!
You are too injured to fight recklessly!
You are too injured to fight recklessly!
You are too injured to fight recklessly!
You are too injured to fight recklessly!
You are too injured to fight recklessly!
You are too injured to fight recklessly!
You are too injured to fight recklessly!
You are too injured to fight recklessly!
You are too injured to fight recklessly!
You are too injured to fight recklessly!
You are too injured to fight recklessly!
Unknown command.
You aren't carrying any items that you can evoke.
Okay, then.
Okay, then.
Unknown command.
Unknown command.
You barely miss Natasha. Natasha casts a spell at you. The magic dart hits you.
Natasha zaps a wand.
The bolt of dispelling energy hits you!
You die...

#.....................#..#.....
#..............#####...>...#..#
###.......(....≈.#########.#.#..#
#..............≈...........#.#..#
#..............≈.###########†#..#
.....)########.≈.# #.#..# ......#
#...# #.#..# ......# #.h.# ..#..#
......# #.#@# ### ......# #.#.#
.(....# #.#.# ......# #.#.#
####### #...# #..$. ##...# #####


You could see Natasha.

Vanquished Creatures
  Robin (D:3)
  A worm (D:2)
  A dart slug (D:1)
  An orc (D:3)
  3 endoplasms
  2 giant cockroaches
  15 goblins
  8 hobgoblins
  3 quokkas
  8 ball pythons
  6 bats
  4 frilled lizards
  6 kobolds
  3 rats
62 creatures vanquished.

Notes
Turn   | Place    | Note
-------+----------+-------------------------------------------
     0 | D:1      | ZeroWinrate the Armataur Wanderer began the quest for the
                  | Orb.
     0 | D:1      | ZeroWinrate set off with the following items: a +2 hand
                  | axe, a +0 buckler, a potion of lignification, a +0 leather
                  | armour; and the following spell memorised: Shock; and the
                  | following spells available to memorise: Vhi's Electric
                  | Charge.
     0 | D:1      | Reached XP level 1. HP: 17/17 MP: 2/2
   176 | D:1      | Reached XP level 2. HP: 16/24 MP: 3/3
   482 | D:1      | Found a faded altar of an unknown god.
   939 | D:2      | Identified the ring "Azyxamp" {Will+ Int+3}
   964 | D:2      | Reached XP level 3. HP: 16/29 MP: 5/5
  1929 | D:3      | Found an iron altar of Okawaru.
  2078 | D:3      | Noticed Robin
  2087 | D:3      | Killed Robin
  2088 | D:3      | Reached XP level 4. HP: 30/38 MP: 6/6
  2128 | D:3      | Found a stormy altar of Qazlal.
  2134 | D:3      | Found a glowing golden altar of the Shining One.
  2139 | D:3      | Found a white marble altar of Elyvilon.
  2204 | D:3      | Noticed Natasha
  2211 | D:3      | Killed from afar by Natasha

Illustrated notes

Levels and vault maps discovered:
D:1:      minmay_arrival_four_houses, layout_basic,
          shapermc_ecumenical_altar_pompeii
D:2:      layout_basic
D:3:      layout_basic, mainiacjoe_overflow_boulevard,
          minmay_overflow_temple_star_quad, uniq_robin, uniq_natasha

Skill      XL: |  1  2  3  4 |
---------------+-------------+-----
Air Magic      | 2 |  2.4
Evocations     | 2 |  2.0
Fighting       | 2 |  2.0
Axes           | |  1.8
Dodging        | |  1.3
Shields        | |  1.1
Spellcasting   | |  1.8

Action                     |  1- 3 |  4- 6 || total
---------------------------+-------+-------++-------
  Melee: Hand axe          |   117 |     6 ||   123
         Tailslap          |    12 |     1 ||    13
    Use: Scroll            |     1 |       ||     1
 Armour: Leather armour    |    53 |     2 ||    55
  Dodge: Dodged            |    59 |     4 ||    63
  Block: Buckler           |    13 |     2 ||    15

Table legend: (Time is in decaauts)
 A = Elapsed time spent in this place.
 B = Non-inter-level travel time spent in this place.
 C = Inter-level travel time spent in this place.
 D = Time resting spent in this place.
 E = Time spent auto-exploring this place.
 F = Levels seen in this place.
 G = Mean time per level.
                   A        B        C        D        E       F      G
               +--------+--------+--------+--------+--------+-----+--------+
         Total |   2241 |   2181 |     60 |      0 |   1855 |   3 |  747.0 |
       Dungeon |   2241 |   2181 |     60 |      0 |   1855 |   3 |  747.0 |
               +--------+--------+--------+--------+--------+-----+--------+

Top non-repeatable levels by time:
     D:1: 898 daAuts
     D:2: 837 daAuts
     D:3: 506 daAuts
